 Dungeon Crawl Stone Soup version 0.28.0-47-ge53b351184 (webtiles) character file.

Game seed: 9816503607391812954

4414 101zpm the Frost Mage (level 10, -4/74 HPs)
             Began as a Gnoll Ice Elementalist on Apr 28, 2022.
             Was a Priest of Cheibriados.
             Shot with an arrow by a centaur warrior (15 damage)
             ... on level 9 of the Dungeon on Apr 29, 2022.
             The game lasted 00:25:13 (10542 turns).

101zpm the Frost Mage (Gnoll Ice Elementalist)     Turns: 10542, Time: 00:25:15

Health: -4/74      AC:  6    Str: 19    XL:     10   Next: 36%
Magic:  16/20      EV: 16    Int: 31    God:    Cheibriados [***...]
Gold:   195        SH:  0    Dex: 20    Spells: 5/23 levels left

rFire   . . .      SeeInvis .   A - +10 battleaxe "Cusaschue" {freeze, Int+4}
rCold   + . .      Faith    .   (shield currently unavailable)
rNeg    . . .      Spirit   .   y - +2 robe {rC+}
rPois   .          Reflect  .   F - +1 helmet {Int+3}
rElec   .          Harm     .   (no cloak)
rCorr   .          Rampage  .   (no gloves)
Will    .....                   (no boots)
Stlth   ++++......              (no amulet)
HPRegen 0.22/turn               d - +6 ring of strength
MPRegen 0.17/turn               o - ring of wizardry

@: very slow
A: fangs 1, strong nose, distributed training
a: Renounce Religion, Bend Time, Temporal Distortion


You were on level 9 of the Dungeon.
You worshipped Cheibriados.
Cheibriados was most pleased with you.
You visited 2 branches of the dungeon, and saw 10 of its levels.

You collected 390 gold pieces.
You spent 195 gold pieces at shops.

Inventory:

Hand Weapons
 A - the +10 battleaxe "Cusaschue" (weapon) {freeze, Int+4}
   (You bought it in a shop on level 1 of the Dungeon)

   It freezes those it strikes, dealing additional cold damage.
   It can also slow down cold-blooded creatures.
   Int:       It affects your intelligence (+4).
Missiles
 E - 2 throwing nets
Armour
 y - a +2 robe of cold resistance (worn)
 z - a +0 helmet
 F - a +1 helmet of intelligence (worn)
Jewellery
 d - a +6 ring of strength (left hand)
 l - a ring of resist corrosion
 n - an amulet of guardian spirit
 o - a ring of wizardry (right hand)
Wands
 w - a wand of paralysis (5)
 D - a wand of charming (4)
 G - a wand of iceblast (7)
 H - a wand of acid (3)
Scrolls
 b - 4 scrolls of teleportation {unknown}
 g - a scroll of vulnerability {unknown}
 i - 2 scrolls of enchant weapon {unknown}
 k - a scroll of noise {unknown}
 q - 6 scrolls of immolation {unknown}
 s - a scroll of blinking {unknown}
 t - 5 scrolls of identify {unknown}
 u - a scroll of magic mapping {unknown}
 v - a scroll of acquirement {unknown}
 B - 2 scrolls of fear {unknown}
 C - a scroll of fog {unknown}
Potions
 a - a potion of resistance {unknown}
 c - 2 potions of magic {unknown}
 e - a potion of mutation {unknown}
 f - 4 potions of lignification {unknown}
 h - a potion of curing {unknown}
 j - 2 potions of attraction {unknown}
 m - a potion of invisibility {unknown}
 p - a potion of heal wounds
 r - 4 potions of brilliance {unknown}
 x - a potion of berserk rage {unknown}


   Skills:
 + Level 5.2 Fighting
 + Level 5.2 Short Blades
 + Level 5.2 Long Blades
 + Level 5.2 Axes
 + Level 5.2 Maces & Flails
 + Level 5.2 Polearms
 + Level 5.2 Staves
 + Level 5.2 Slings
 + Level 5.2 Bows
 + Level 5.2 Crossbows
 + Level 5.2 Throwing
 + Level 5.2 Armour
 + Level 7.0 Dodging
 + Level 6.7 Stealth
 + Level 5.2 Shields
 + Level 5.2 Unarmed Combat
 + Level 7.3 Spellcasting
 + Level 4.3 Conjurations
 + Level 4.3 Hexes
 + Level 4.3 Summonings
 + Level 4.3 Necromancy
 + Level 4.3 Translocations
 + Level 4.3 Transmutations
 + Level 4.3 Fire Magic
 + Level 8.4 Ice Magic
 + Level 4.3 Air Magic
 + Level 4.3 Earth Magic
 + Level 4.3 Poison Magic
 + Level 5.7 Invocations
 + Level 5.2 Evocations


You had 5 spell levels left.
You knew the following spells:

 Your Spells              Type           Power      Damage    Failure   Level
a - Freeze                Ice            100%       1d11      1%          1
b - Frozen Ramparts       Ice            100%       1d12      1%          3
c - Ozocubu's Armour      Ice            59%        N/A       1%          3
d - Magic Dart            Conj           100%       1d8       1%          1
e - Searing Ray           Conj           76%        2d7       1%          2
f - Hailstorm             Conj/Ice       50%        3d11      1%          4
g - Fulminant Prism       Conj/Hex       19%        3d11      3%          4

Your spell library contained the following spells:

 Spells                   Type           Power      Damage    Failure   Level
 Stone Arrow              Conj/Erth      76%        3d11      1%          3
 Animate Armour           Summ/Erth      76%        N/A       3%          4
 Lehudib's Crystal Spear  Conj/Erth      19%        10d6      100%        8


Dungeon Overview and Level Annotations

Branches:
Dungeon (9/15)             Temple (1/1) D:4
   Lair: D:8-11         Orc: D:9-12

Altars:
Ashenzari
Cheibriados
Dithmenos
Fedhas
Gozag
Hepliaklqana
Kikubaaqudgha
Makhleb
Nemelex Xobeh
Okawaru
Qazlal
Ru
Sif Muna
Trog
Uskayaw
Vehumet
Xom
Yredelemnul
Zin
The Shining One

Shops:
D:1 *(

Annotations:
D:7 1 runed translucent door, Crazy Yiuf


Innate Abilities, Weirdness & Mutations

You have very sharp teeth.
Your uncanny sense of smell can sniff out nearby items.
Your experience applies equally to all skills.


Message History

Found a metallic green potion.
There is a stone staircase leading up here.
Found 16 stones.
f - 4 metallic green potions (gained 1)
You now have 176 gold pieces (gained 14).
Found 14 arrows.
A centaur zombie comes into view.
Found 19 gold pieces.
The helpless centaur zombie fails to defend itself.
You slash the centaur zombie!
The centaur zombie is heavily damaged.
The centaur zombie hits you.
The centaur zombie closely misses you. x2
The centaur zombie kicks you but does no damage.
You slash the centaur zombie!
You destroy the centaur zombie!
Cheibriados thoroughly appreciates the change of pace.
HP restored.
You now have 195 gold pieces (gained 19).
t - 5 scrolls labelled ENIGAUCSYR (gained 1)
Found a helmet.
You see here a +0 helmet.
A centaur warrior comes into view. It is wielding a +0 war axe.
Found a stone staircase leading up.
The centaur warrior shouts!
The centaur warrior unwields a +0 war axe.
The centaur warrior wields a +0 shortbow.
The centaur warrior shoots an arrow.
The arrow hits you!!
The centaur warrior shoots an arrow.
The arrow hits you!
You are too injured to fight recklessly!
The centaur warrior shoots an arrow.
The arrow hits you!!
* * * LOW HITPOINT WARNING * * *
Casting: Ozocubu's Armour (safe; 1% risk of failure)
Confirm with . or Enter, or press ? or * to list all spells.
Casting: Hailstorm (dangerous; 1% risk of failure)
Press: ? - help, Dir - look around, f - activate A cannonade of hail descends around you!
The hail pelts the centaur warrior!!
The centaur warrior is moderately wounded.
The centaur warrior shoots an arrow.
The arrow hits you!
You die...

.# #.......# #.#
#.......# #.# #.......#
#.# #.......#
#.######.#####.......##
..c............[.....
#.......#########.#
#.......# #.# #.@.....#
#.# #.......# #.#
#.......# #######.#
#.................#
#.......#########..
#.......# #.# ......<.#
#.# #.######.# #.# #.#


You could see a centaur warrior.

Vanquished Creatures
  Erica (D:8)
  Pikel (D:7)
  An ugly thing (D:7)
  Sigmund (D:6)
  Menkaure (D:7)
  Edmund (D:5)
  2 water moccasins
  2 orc warriors
  A sky beast (D:7)
  A hornet zombie (D:8)
  A necrophage (D:6)
  3 ogres
  A centaur (D:7)
  A kobold brigand (D:8)
  5 bullfrogs
  2 scorpions
  3 killer bees (D:8)
  A crimson imp (D:5)
  4 centaur zombies
  2 bullfrog zombies
  2 jellies
  3 orc priests
  2 gnoll shamans
  2 iguanas (D:5)
  7 orc wizards
  A killer bee zombie (D:8)
  Robin (D:1)
  9 gnolls
  A howler monkey skeleton (D:3)
  3 adders
  3 white imps
  2 ufetubi
  An adder skeleton (D:4)
  A worm (D:2)
  A dart slug (D:4)
  20 orcs
  12 endoplasms
  A giant cockroach (D:1)
  10 goblins
  11 hobgoblins
  3 quokkas
  4 ball pythons
  5 bats
  A frilled lizard (D:1)
  15 kobolds
  7 rats
163 creatures vanquished.

Vanquished Creatures (others)
  4 toadstools (D:3)
4 creatures vanquished.

Grand Total: 167 creatures vanquished

Notes
Turn   | Place    | Note
-------+----------+-------------------------------------------
     0 | D:1      | 101zpm the Gnoll Ice Elementalist began the quest for the
                  | Orb.
     0 | D:1      | Reached XP level 1. HP: 13/13 MP: 6/6
   367 | D:1      | Reached XP level 2. HP: 19/19 MP: 5/7
   389 | D:1      | Found Ihoseis's Antique Weapon Emporium.
  1007 | D:1      | Found Jeposm's Assorted Antiques.
  1279 | D:2      | Noticed Robin
  1284 | D:2      | Reached XP level 3. HP: 25/25 MP: 3/9
  1302 | D:2      | Reached skill level 5 in Spellcasting
  1599 | D:1      | Killed Robin
  1600 | D:1      | Reached skill level 1 in Invocations
  1693 | D:2      | Found a bloodstained altar of Trog.
  1797 | D:2      | Reached skill level 1 in Fighting
  1797 | D:2      | Reached skill level 1 in Short Blades
  1797 | D:2      | Reached skill level 1 in Long Blades
  1797 | D:2      | Reached skill level 1 in Axes
  1797 | D:2      | Reached skill level 1 in Maces & Flails
  1797 | D:2      | Reached skill level 1 in Polearms
  1797 | D:2      | Reached skill level 1 in Staves
  1797 | D:2      | Reached skill level 1 in Slings
  1797 | D:2      | Reached skill level 1 in Bows
  1797 | D:2      | Reached skill level 1 in Crossbows
  1797 | D:2      | Reached skill level 1 in Throwing
  1797 | D:2      | Reached skill level 1 in Armour
  1797 | D:2      | Reached skill level 1 in Shields
  1797 | D:2      | Reached skill level 1 in Unarmed Combat
  1797 | D:2      | Reached skill level 1 in Evocations
  2201 | D:3      | Reached XP level 4. HP: 31/32 MP: 8/11
  2769 | D:3      | Noticed a +0 dagger
  2769 | D:3      | Noticed a +0 dagger
  2771 | D:3      | Found a hide-covered altar of Uskayaw.
  2893 | D:3      | Reached skill level 1 in Conjurations
  2893 | D:3      | Reached skill level 1 in Hexes
  2893 | D:3      | Reached skill level 1 in Summonings
  2893 | D:3      | Reached skill level 1 in Necromancy
  2893 | D:3      | Reached skill level 1 in Translocations
  2893 | D:3      | Reached skill level 1 in Transmutations
  2893 | D:3      | Reached skill level 1 in Fire Magic
  2893 | D:3      | Reached skill level 1 in Air Magic
  2893 | D:3      | Reached skill level 1 in Earth Magic
  2893 | D:3      | Reached skill level 1 in Poison Magic
  3043 | D:3      | Reached XP level 5. HP: 37/37 MP: 8/12
  3419 | D:4      | Found an opulent altar of Gozag.
  3640 | D:4      | Noticed a water moccasin
  3646 | D:4      | Learned a level 3 spell: Frozen Ramparts
  3650 | D:4      | Learned a level 3 spell: Ozocubu's Armour
  3652 | D:4      | Learned a level 1 spell: Magic Dart
  3655 | D:4      | Learned a level 2 spell: Searing Ray
  3660 | D:4      | Learned a level 4 spell: Hailstorm
  3672 | D:4      | Killed a water moccasin
  3673 | D:4      | Reached XP level 6. HP: 30/44 MP: 1/13
  3878 | D:4      | Reached skill level 5 in Dodging
  4105 | D:4      | Found a staircase to the Ecumenical Temple.
  4231 | Temple   | Entered the Ecumenical Temple
  4240 | Temple   | Became a worshipper of Cheibriados the Contemplative
  4290 | D:5      | Entered Level 5 of the Dungeon
  4461 | D:5      | Noticed Edmund
  4471 | D:5      | HP: 2/44 [Edmund/+2 dire flail of distortion (19)]
  4482 | D:5      | Killed Edmund
  4483 | D:5      | Reached XP level 7. HP: 4/51 MP: 0/15
  5020 | D:5      | Found a stormy altar of Qazlal.
  5723 | D:5      | Reached skill level 5 in Stealth
  5990 | D:6      | Noticed a boulder beetle
  6242 | D:6      | Noticed Sigmund
  6268 | D:6      | Killed Sigmund
  6269 | D:6      | Reached XP level 8. HP: 41/57 MP: 0/16
  6478 | D:1      | Bought a fading battleaxe for 195 gold pieces
  6478 | D:1      | Identified the +10 battleaxe "Cusaschue" {freeze, Int+4}
                  | (You bought it in a shop on level 1 of the Dungeon)
  6484 | D:1      | Learned a level 4 spell: Fulminant Prism
  7046 | D:6      | Reached * piety under Cheibriados
  7798 | D:7      | Noticed Pikel
  7804 | D:7      | Killed Pikel
  7805 | D:7      | Reached XP level 9. HP: 65/65 MP: 8/18
  7851 | D:7      | Noticed a purple ugly thing
  7859 | D:7      | Killed a purple ugly thing
  7860 | D:7      | Reached skill level 8 in Ice Magic
  8107 | D:7      | Noticed Menkaure
  8116 | D:7      | Killed Menkaure
  8462 | D:7      | Found a runed translucent door.
  8463 | D:7      | Noticed Crazy Yiuf
  8513 | D:7      | Reached skill level 5 in Invocations
  8514 | D:7      | Reached ** piety under Cheibriados
  9367 | D:8      | Reached XP level 10. HP: 73/73 MP: 14/20
  9504 | D:8      | Found an ancient bone altar of Kikubaaqudgha.
  9811 | D:8      | Found a sparkling altar of Nemelex Xobeh.
  9882 | D:8      | Noticed Erica
  9890 | D:8      | Killed Erica
  9891 | D:8      | Reached skill level 5 in Fighting
  9891 | D:8      | Reached skill level 5 in Short Blades
  9891 | D:8      | Reached skill level 5 in Long Blades
  9891 | D:8      | Reached skill level 5 in Axes
  9891 | D:8      | Reached skill level 5 in Maces & Flails
  9891 | D:8      | Reached skill level 5 in Polearms
  9891 | D:8      | Reached skill level 5 in Staves
  9891 | D:8      | Reached skill level 5 in Slings
  9891 | D:8      | Reached skill level 5 in Bows
  9891 | D:8      | Reached skill level 5 in Crossbows
  9891 | D:8      | Reached skill level 5 in Throwing
  9891 | D:8      | Reached skill level 5 in Armour
  9891 | D:8      | Reached skill level 5 in Shields
  9891 | D:8      | Reached skill level 5 in Unarmed Combat
  9891 | D:8      | Reached skill level 5 in Evocations
 10246 | D:8      | Reached *** piety under Cheibriados
 10536 | D:9      | Noticed a centaur warrior
 10542 | D:9      | Shot with an arrow by a centaur warrior

Illustrated notes

Levels and vault maps discovered:
D:1:      minmay_arrival_four_loops, layout_loops_corners, serial_shops,
          nicolae_shop_statue_plus, shop
D:2:      layout_rooms, basic_altar, st_stairs_10, uniq_robin
D:3:      cheibrodos_fertilizer, layout_loops_ring, dancing_weapons_uskayaw,
          wad_floor_pattern_2, palyth_stone_intersect
D:4:      layout_rooms, grunt_gozag_breadcrumbs,
          minmay_temple_entry_proselytizer
D:5:      layout_loops_ring, mainiacjoe_overflow_24_doors, grunt_ministairs_10,
          minmay_fire_ice_demons, uniq_edmund
D:6:      layout_loops_corners, due_unseen_surprise, uniq_sigmund
D:7:      layout_basic, minmay_misc_feat_secret_circle, uniq_crazy_yiuf_cottage,
          uniq_menkaure, uniq_pikel
D:8:      layout_rooms, lemuel_tele_altar, nemelex_diamond_rough_becter,
          uniq_erica
D:9:      layout_small_grid, mainiacjoe_overflow_tiny_flanked,
          erik_lair_orcish_takeover
Temple:   nicolae_temple_no_exploring_needed

Skill      XL: |  1  2  3  4  5  6  7  8  9 10 |
---------------+-------------------------------+-----
Spellcasting   | 5 6 7 |  7.3
Invocations    | 1 2 3 4 5 |  5.7
Fighting       | 1 2 3 4 5 |  5.2
Short Blades   | 1 2 3 4 5 |  5.2
Long Blades    | 1 2 3 4 5 |  5.2
Axes           | 1 2 3 4 5 |  5.2
Maces & Flails | 1 2 3 4 5 |  5.2
Polearms       | 1 2 3 4 5 |  5.2
Staves         | 1 2 3 4 5 |  5.2
Slings         | 1 2 3 4 5 |  5.2
Bows           | 1 2 3 4 5 |  5.2
Crossbows      | 1 2 3 4 5 |  5.2
Throwing       | 1 2 3 4 5 |  5.2
Armour         | 1 2 3 4 5 |  5.2
Shields        | 1 2 3 4 5 |  5.2
Unarmed Combat | 1 2 3 4 5 |  5.2
Evocations     | 1 2 3 4 5 |  5.2
Conjurations   | 1 2 3 4 |  4.3
Hexes          | 1 2 3 4 |  4.3
Summonings     | 1 2 3 4 |  4.3
Necromancy     | 1 2 3 4 |  4.3
Translocations | 1 2 3 4 |  4.3
Transmutations | 1 2 3 4 |  4.3
Fire Magic     | 1 2 3 4 |  4.3
Air Magic      | 1 2 3 4 |  4.3
Earth Magic    | 1 2 3 4 |  4.3
Poison Magic   | 1 2 3 4 |  4.3
Dodging        | 5 6 7 |  7.0
Stealth        | 5 6 |  6.7
Ice Magic      | 8 |  8.4

Action                   |  1- 3 |  4- 6 |  7- 9 | 10-12 || total
-------------------------+-------+-------+-------+-------++-------
Melee: Unarmed           |    15 |    19 |     1 |       ||    35
       Bite              |     2 |     3 |     6 |     4 ||    15
       Punch             |     1 |     1 |       |       ||     2
       Battleaxe         |       |       |    55 |    36 ||    91
 Cast: Freeze            |    47 |    51 |    21 |     2 ||   121
       Frozen Ramparts   |       |     7 |    27 |     4 ||    38
       Ozocubu's Armour  |       |     3 |    15 |     1 ||    19
       Searing Ray       |       |     2 |    23 |       ||    25
       Magic Dart        |       |     9 |    27 |    11 ||    47
       Hailstorm         |       |       |     3 |     1 ||     4
 Stab: Sleeping          |       |       |     2 |     2 ||     4
Armor: Robe              |    12 |     8 |    17 |    11 ||    48
Dodge: Dodged            |    34 |    36 |    96 |    26 ||   192
